 Dungeon Crawl Stone Soup version 0.22-a0-192-g6ffc940 (webtiles) character file.

12 vishdafish the Bolt Thrower (level 2, 22/22 HPs)
             Began as a Demonspawn Hunter on Feb 16, 2018.
             Quit the game on level 1 of the Dungeon.
             The game lasted 00:00:24 (73 turns).

vishdafish the Bolt Thrower (Demonspawn Hunter)       Turns: 73, Time: 00:00:25

Health: 22/22      AC:  3    Str: 12    XL:     2   Next: 20%
Magic:  2/2        EV: 12    Int: 12    God:
Gold:   17         SH:  0    Dex: 13    Spells: 1/1 levels left

rFire    . . .     SeeInvis .   a - +1 hand crossbow
rCold    . . .     Gourm    .   (no shield)
rNeg     . . .     Faith    .   c - +0 leather armour
rPois    .         Spirit   .   (no helmet)
rElec    .         Reflect  .   (no cloak)
rCorr    .         Harm     .   (no gloves)
MR       .....                  (no boots)
Stlth    ++........             (no amulet)
HPRegen  0.07/turn              (no ring)
MPRegen  0.08/turn              (no ring)

@: no status effects
A: nightstalker 1
a: no special abilities


You were on level 1 of the Dungeon.
You were not hungry.

You visited 1 branch of the dungeon, and saw 1 of its levels.

You collected 17 gold pieces.

Inventory:

Hand Weapons
 a - a +1 hand crossbow (weapon)
 b - a +0 short sword
Missiles
 d - 5 bolts (quivered)
Armour
 c - a +0 leather armour (worn)
Jewellery
 i - an uncursed amulet of harm {unknown}
Scrolls
 e - a scroll of fear {unknown}
 g - 2 scrolls of teleportation {unknown}
Potions
 h - a potion of agility {unknown}
Comestibles
 f - a ration


   Skills:
 + Level 2.1 Fighting
 * Level 3.8 Crossbows
 + Level 0.4 Armour
 + Level 1.9 Dodging
 - Level 1.0 Stealth


You had one spell level left.
You didn't know any spells.

Dungeon Overview and Level Annotations

Branches:
Dungeon (1/15)

Altars:


Innate Abilities, Weirdness & Mutations

You are slightly more attuned to the shadows.


Message History

The bat barely misses you. The bat hits you but does no damage.
Firing (i - inventory)
d - 8 bolts (quivered)
Press: ? - help, Shift-Dir - straight line, f - bat
Aim: a bat You shoot a bolt.
The bolt hits the bat!
You kill the bat!
The bat hits you but does no damage. The bat closely misses you.
Firing (i - inventory)
d - 7 bolts (quivered)
Press: ? - help, Shift-Dir - straight line, f - bat
Aim: a bat You shoot a bolt.
The bolt misses the bat.
The bolt hits the kobold!
You kill the kobold!
The bat hits you but does no damage.
Firing (i - inventory)
d - 6 bolts (quivered)
Press: ? - help, Shift-Dir - straight line, f/p - bat
Aim: a bat You shoot a bolt.
The bolt hits the bat.
You kill the bat!
No target in view!
Are you sure you want to abandon this character and quit the game? (Confirm with "yes".)

#.......# ....#..
#......# ..#... .
#......# ..#.... .(
#......# .#..... (((
#...†..# #...... (..(
#......# ###### .....
#......#######...
...(..##................
(....((@.......#####....
..(.############ #.... #
##... ##.. ###


There were no monsters in sight!

Vanquished Creatures
  A dart slug (D:1)
  2 leopard geckos (D:1)
  2 bats (D:1)
  A goblin (D:1)
  3 kobolds (D:1)
  A rat (D:1)
10 creatures vanquished.

Notes
Turn   | Place    | Note
-------+----------+-------------------------------------------
     0 | D:1      | vishdafish the Demonspawn Hunter began the quest for the Orb.
     0 | D:1      | Reached XP level 1. HP: 16/16 MP: 1/1
    44 | D:1      | Reached skill level 1 in Stealth
    69 | D:1      | Gained mutation: You are slightly more attuned to the shadows. [demonic ancestry]
    69 | D:1      | Reached XP level 2. HP: 22/22 MP: 2/2
    73 | D:1      | Quit the game

Vault maps used:
D:1:      matt_arrival_diagonals, hex_intersection

Skill      XL: |  1 |
---------------+----+-----
Stealth        | 1 |  1.0
Fighting       | |  2.1
Crossbows      | |  3.8
Armour         | |  0.4
Dodging        | |  1.9

Action                   || total
-------------------------++-------
 Fire: Hand crossbow     ||    17
Armor: Leather armour    ||     5
Dodge: Dodged            ||     5

Table legend:
 A = Spawn XP
 B = Non-spawn XP
 C = Spawn XP percentage of total XP
 D = Spawn monster count
 E = Non-spawn monster count
 F = Spawn count percentage of total count
 G = Total turns spent on level
                    A         B        C        D         E        F      G
               +---------+---------+-------+---------+---------+-------+---------
         Total |       0 |      18 |   0.0 |       0 |      10 |   0.0 |    73
               +---------+---------+-------+---------+---------+-------+---------
           D:1 |       0 |      18 |   0.0 |       0 |      10 |   0.0 |    73
               +---------+---------+-------+---------+---------+-------+---------
